Match 46840771
Unlisted

Match 46840771
End
Construct Barracks
Riflemen Squad
Selects Heavy Weapons
Riflemen Squad
Riflemen Squad
Air Support Center
Grenade Package
Construct Weapon Support Center
Grasshopper Recon Run
M3 Armored Personnel Carrier
P-47 Strafing Run
M3 Armored Personnel Carrier
Engineer Squad
Selects Assault Carriers
Grasshopper Recon Run
P-47 Dive Bomb
Arnie
Maniax
[PD] PragerSchinken
montique_mark
rebelguy12
XxWhoDatGuyxX
6block
huaichen
0
0

Comments sign in to comment!

No comments posted yet!